 Dungeon Sprint DCSS version 0.18-a0-1800-gdc7a371 (webtiles) character file.

4060 Melicamp the Grappler (level 10, 0/115 HPs)
             Began as a Troll Berserker on Apr 24, 2016.
             Was a High Priest of Trog.
             Slain by an unseen horror (8 damage)
             ... in the Dungeon (Sprint I: "Red Sonja").
             The game lasted 00:10:05 (878 turns).

Melicamp the Grappler (Troll Berserker)              Turns: 878, Time: 00:10:06

Health: 0/115      AC:  5    Str: 30    XL:     10   Next: 5%
Magic:  9/9        EV: 14    Int:  3    God:    Trog [*****.]
Gold:   756        SH:  0    Dex:  9    Spells: 0 memorised, 9 levels left

rFire  . . .     SeeInvis .       - Unarmed
rCold  . . .     Gourm    +     a - +0 animal skin
rNeg   . . .     Faith    .     (no shield)
rPois  .         Spirit   .     (helmet restricted)
rElec  .         Dismiss  .     (no cloak)
rCorr  .         Reflect  .     (gloves unavailable)
SustAt .         Harm     .     (boots unavailable)
MR     ++...     NoTele   +     (no amulet)
Stlth  +.........               (no ring)
                                (no ring)

@: regenerating, very resistant to hostile enchantments, very unstealthy
A: unfitting armour, claws 3, fast metabolism 3, gourmand, regeneration 2,
shaggy fur 1, tough skin 2
a: Berserk, Trog's Hand, Brothers in Arms, Burn Spellbooks, Renounce Religion


You were in the Dungeon.
You worshipped Trog.
Trog was extremely pleased with you.
You were full.

You visited 1 branch You collected 970 gold pieces.
You spent 214 gold pieces at shops.

Inventory:

Armour
 a - a +0 animal skin (worn)
Jewellery
 k - an uncursed amulet of guardian spirit {unknown}
 m - an uncursed ring of fire {unknown}
Wands
 d - a wand of disintegration (18/24)
Scrolls
 h - a scroll of blinking
 i - a scroll of enchant armour {unknown}
Potions
 c - 4 potions of curing
 e - a potion of haste
 f - 2 potions of magic
 g - a potion of berserk rage
Books
 l - a book of Alchemy

   Spells                             Type                      Level
   a - Sublimation of Blood           Necromancy                   2
   b - Ignite Poison                  Fire/Transmutation/Poison    3
   c - Petrify                        Transmutation/Earth          4
   d - Alistair's Intoxication        Transmutation/Poison         5
   e - Irradiate                      Conjuration/Transmutation    5
   Trog disapproves of the use of such an item.
Comestibles
 b - 2 bread rations


   Skills:
 + Level 11.7 Fighting
 + Level 11.8 Dodging
 + Level 0.2 Stealth
 + Level 13.4 Unarmed Combat


You had 9 spell levels left.
You didn't know any spells.

Dungeon Overview and Level Annotations

Branches:
Dungeon (1/1)

Altars:
Elyvilon
Gozag
Kikubaaqudgha
Makhleb
Nemelex Xobeh
Okawaru
Pakellas
Qazlal
Ru
Sif Muna
Trog
Vehumet
Xom
Yredelemnul
Zin
The Shining One

Shops:
D =?[


Innate Abilities, Weirdness & Mutations

You are too large for most types of armour.
You have claws for hands.
Your metabolism is lightning-fast.
You like to eat raw meat.
You heal very quickly.
You are covered in fur (AC +1).
You have very tough skin (AC +2).


Message History

You feel a bit more experienced.
Deactivating autopickup; reactivate with Ctrl-A.
You scratch something. Something hits you!
* * * LOW HITPOINT WARNING * * *
Something hits you!
* * * LOW HITPOINT WARNING * * *
There is an open door, spattered with blood here.
Your skin crawls.
You feel resistant to hostile enchantments.
Something hits you!
* * * LOW HITPOINT WARNING * * *
You claw something! Something hits you but does no damage.
You miss something. Something hits you.
* * * LOW HITPOINT WARNING * * *
Something hits you!
* * * LOW HITPOINT WARNING * * *
You miss something. Something hits you.
* * * LOW HITPOINT WARNING * * *
Something hits you but does no damage. Something hits you!
You die...

__##'#..'§§§§§§..#
...'.(.§#≈§§..#..#
._##_.#§##+#####'###
__###(#.#.()[###.'.#
#####.####)###.###.#
...+.).'..[(['.∩##†#
####...###########§#
G ###.###......§##§#
..#.#'#.#......{@§§#
G.#.....#+++######§#
..#.....# #§#
..####### +§# .G#
###


There were no monsters in sight!

Vanquished Creatures
  2 centaur warriors (D)
  Sonja (D)
  An unseen horror (D)
  A deep troll (D)
  An oklob plant (D)
  Sigmund (D)
  2 redbacks (D)
  A yak (D)
  An ogre (D)
  A wasp (D)
  A jelly (D)
  Ijyb (D)
  3 ballistomycetes (D)
  A giant spore (D)
18 creatures vanquished.

Vanquished Creatures (others)
  A giant spore (D)
1 creature vanquished.

Grand Total: 19 creatures vanquished

Notes
Turn   | Place    | Note
--------------------------------------------------------------
     0 | D        | Melicamp the Troll Berserker began the quest for the Orb.
     0 | D        | Reached XP level 1. HP: 22/22 MP: 0/0
     2 | D        | Noticed Ijyb
     9 | D        | Killed Ijyb
     9 | D        | Reached skill level 4 in Unarmed Combat
     9 | D        | Reached XP level 2. HP: 26/32 MP: 1/1
    21 | D        | Noticed an ogre
    26 | D        | Killed an ogre
    26 | D        | Reached ** piety under Trog
    26 | D        | Reached skill level 5 in Fighting
    26 | D        | Reached skill level 6 in Unarmed Combat
    26 | D        | Reached XP level 3. HP: 42/42 MP: 2/2
    26 | D        | Reached XP level 4. HP: 50/50 MP: 3/3
    43 | D        | Noticed Sigmund
    47 | D        | Killed Sigmund
    47 | D        | Reached skill level 7 in Unarmed Combat
    47 | D        | Reached XP level 5. HP: 61/61 MP: 4/4
    83 | D        | Found a deep blue altar of Sif Muna.
    85 | D        | Found a radiant altar of Vehumet.
    90 | D        | Reached skill level 8 in Unarmed Combat
    90 | D        | Reached XP level 6. HP: 66/68 MP: 5/5
   113 | D        | Found Gebuh's Magic Scroll Emporium.
   113 | D        | Found a white marble altar of Elyvilon.
   113 | D        | Found a stormy altar of Qazlal.
   113 | D        | Found a burning altar of Makhleb.
   113 | D        | Found a sacrificial altar of Ru.
   113 | D        | Found an oddly glowing altar of Pakellas.
   113 | D        | Found a basalt altar of Yredelemnul.
   113 | D        | Found a glowing golden altar of the Shining One.
   113 | D        | Found a sparkling altar of Nemelex Xobeh.
   113 | D        | Found a shimmering altar of Xom.
   113 | D        | Found an opulent altar of Gozag.
   113 | D        | Found an ancient bone altar of Kikubaaqudgha.
   113 | D        | Found a glowing silver altar of Zin.
   113 | D        | Noticed a yak
   119 | D        | Killed a yak
   119 | D        | Reached *** piety under Trog
   120 | D        | Found an iron altar of Okawaru.
   121 | D        | Found a bloodstained altar of Trog.
   134 | D        | Noticed Sonja
   146 | D        | Killed Sonja
   146 | D        | Reached skill level 10 in Unarmed Combat
   146 | D        | Reached XP level 7. HP: 33/83 MP: 6/6
   239 | D        | Noticed a deep troll
   244 | D        | Killed a deep troll
   244 | D        | Reached skill level 11 in Unarmed Combat
   244 | D        | Reached XP level 8. HP: 93/93 MP: 7/7
   300 | D        | Noticed a centaur warrior
   302 | D        | Noticed a centaur warrior
   310 | D        | Killed a centaur warrior
   310 | D        | Reached **** piety under Trog
   310 | D        | Reached skill level 10 in Fighting
   310 | D        | Reached skill level 10 in Dodging
   310 | D        | Reached XP level 9. HP: 45/102 MP: 8/8
   350 | D        | Killed a centaur warrior
   350 | D        | Reached skill level 12 in Unarmed Combat
   471 | D        | Noticed an oklob plant
   514 | D        | Found Otietoq's Jewellery Boutique.
   659 | D        | Found Atoadwops's Armour Emporium.
   667 | D        | Bought a +1 helmet of see invisible for 214 gold pieces
   708 | D        | Noticed a shining eye
   708 | D        | Noticed a shining eye
   708 | D        | Noticed a shining eye
   708 | D        | Noticed a shining eye
   708 | D        | Noticed a shining eye
   708 | D        | Noticed a shining eye
   751 | D        | Killed an oklob plant
   751 | D        | Reached skill level 13 in Unarmed Combat
   764 | D        | Reached ***** piety under Trog
   871 | D        | Killed an unseen horror
   871 | D        | Reached XP level 10. HP: 41/115 MP: 9/9
   878 | D        | Slain by an unseen horror

Vault maps used:
D:        dungeon_sprint_1

Skill      XL: |  1  2  3  4  5  6  7  8  9 |
---------------+----------------------------+-----
Fighting       | 3 5 6 9 10 11 | 11.7
Dodging        | 3 4 6 8 9 10 11 | 11.8
Unarmed Combat | 4 6 7 8 10 11 13 | 13.4
Stealth        | |  0.2

Action                   |  1- 3 |  4- 6 |  7- 9 | 10-12 || total
-------------------------+-------+-------+-------+-------++-------
Melee: Unarmed           |    10 |    20 |    30 |     4 ||    64
       Punch             |     1 |       |     4 |       ||     5
Invok: Berserk           |       |     2 |     1 |       ||     3
       Trog's Hand       |       |       |     1 |     1 ||     2
  Use: Potion            |       |       |     2 |       ||     2
  Eat: Bread ration      |       |       |     1 |       ||     1
       Chunk             |       |       |    10 |       ||    10
Armor: Animal skin       |     1 |     4 |     4 |     2 ||    11
Dodge: Dodged            |     5 |    16 |    11 |       ||    32
